 Dungeon Crawl Stone Soup version 0.20-a0-351-gc9b4002 (webtiles) character file.

19338 mopl the Warrior (level 12, -6/122 HPs)
             Began as a Minotaur Hunter on Dec 24, 2016.
             Was an Elder of Trog.
             Mangled by an orc knight
             ... wielding a +1 great mace of holy wrath
              (19 damage)
             ... on level 12 of the Dungeon on Dec 25, 2016.
             The game lasted 00:38:05 (14921 turns).

mopl the Warrior (Minotaur Hunter)                 Turns: 14921, Time: 00:38:06

Health: -6/122     AC: 23    Str: 21    XL:     12   Next: 35%
Magic:  11/11      EV:  3    Int:  8    God:    Trog [****..]
Gold:   1066       SH:  6    Dex: 19    Spells: 11/11 levels left

rFire  + . .     SeeInvis .     a - +1 hand crossbow
rCold  . . .     Gourm    .     u - +0 crystal plate armour
rNeg   . . .     Faith    .     (no shield)
rPois  +         Spirit   .     W - +1 hat
rElec  .         Reflect  +     Y - +1 cloak {+Inv}
rCorr  +         Harm     .     x - +0 pair of gloves
MR     .....                    Z - +1 pair of boots of Minor Irritation {rPois Str+3 Dex+4}
Stlth  ..........               O - +6 amulet of reflection
                                A - ring of protection from fire
                                Q - ring of resist corrosion

@: drained
A: retaliatory headbutt, horns 2
a: Berserk, Trog's Hand, Brothers in Arms, Burn Spellbooks, Renounce Religion,
Evoke Invisibility


You were on level 12 of the Dungeon.
You worshipped Trog.
Trog was greatly pleased with you.
You were very hungry.

You visited 3 branches of the dungeon, and saw 15 of its levels.
You also visited: Bailey.

You collected 1066 gold pieces.

Inventory:

Hand Weapons
 a - a +1 hand crossbow (weapon)
 b - a +0 hunting sling
 l - a +0 shortbow
 R - a +1 blowgun
Missiles
 d - 36 bolts (quivered)
 h - 337 stones
 i - 19 poisoned needles
 j - a tomahawk of returning
 s - 176 arrows
 E - a throwing net
 K - 4 curare-tipped needles
 L - 6 tomahawks
 U - 54 sling bullets
Armour
 u - a +0 crystal plate armour (worn)
 x - a +0 pair of gloves (worn)
 W - a +1 hat (worn)
 Y - a +1 cloak of invisibility (worn)
 Z - the +1 pair of boots of Minor Irritation (worn) {rPois Str+3 Dex+4}
   (You found it on level 9 of the Dungeon)

   It affects your strength (+3).
   It affects your dexterity (+4).
   It protects you from poison.
Jewellery
 A - a ring of protection from fire (right hand)
 O - a +6 amulet of reflection (around neck)
 Q - a ring of resist corrosion (left hand)
Wands
 r - a wand of paralysis (16/24)
 C - a wand of iceblast (10/15)
Scrolls
 c - 2 scrolls of blinking {unknown}
 e - 5 scrolls of teleportation
 m - 8 scrolls of remove curse
 n - 4 scrolls of magic mapping
 o - 2 scrolls of amnesia {unknown}
 p - 2 scrolls of immolation {unknown}
 q - a scroll of torment {unknown}
 y - a scroll of random uselessness {unknown}
 z - 2 scrolls of recharging {unknown}
 B - 2 scrolls of enchant armour {unknown}
 G - 4 scrolls of fear
 P - a scroll of silence {unknown}
Potions
 g - 5 potions of flight
 k - 5 potions of curing
 D - 3 potions of lignification {!q}
 F - 3 potions of heal wounds
 H - 2 potions of haste
 J - 2 potions of ambrosia
 M - 4 potions of agility
 V - 2 potions of cure mutation {unknown}
Books
 w - a book of Conjurations

   Spells                             Type                      Level
   a - Magic Dart                     Conjuration                  1
   b - Searing Ray                    Conjuration                  2
   c - Dazzling Spray                 Conjuration/Hexes            3
   d - Fulminant Prism                Conjuration/Hexes            4
   e - Iskenderun's Mystic Blast      Conjuration                  4
   f - Iskenderun's Battlesphere      Conjuration/Charms           5
   Trog disapproves of the use of such an item.
 I - a book of Necromancy

   Spells                             Type                      Level
   a - Pain                           Necromancy                   1
   b - Animate Skeleton               Necromancy                   1
   c - Vampiric Draining              Necromancy                   3
   d - Regeneration                   Charms/Necromancy            3
   e - Animate Dead                   Necromancy                   4
   f - Control Undead                 Necromancy                   4
   Trog disapproves of the use of such an item.
Miscellaneous
 T - a box of beasts
Comestibles
 f - 6 bread rations
 v - a slice of pizza


   Skills:
 * Level 16.1(15.3) Fighting
 * Level 15.4(14.5) Crossbows
 + Level 4.7(4.1) Armour
 - Level 2.1(1.6) Dodging
 - Level 0.7(0.1) Stealth


You had 11 spell levels left.
You didn't know any spells.

Dungeon Overview and Level Annotations

Branches:
Dungeon (12/15)            Temple (0/1) D:5            Lair (1/6) D:8
    Orc (2/2) D:12            Elf (0/3) Orc:2

Altars:
Ashenzari
Dithmenos
Elyvilon
Fedhas
Gozag
Makhleb
Qazlal
Sif Muna
Trog
Uskayaw
Vehumet
Yredelemnul


Innate Abilities, Weirdness & Mutations

You reflexively headbutt those who attack you in melee.
You have a pair of horns on your head.


Message History

The bolt hits the orc knight but does no damage.
The orc knight is severely wounded.
You block the orc knight's attack.
Unknown command.
Firing (i - inventory. (,) - cycle):
d - 38 bolts (quivered)
Press: ? - help, Shift-Dir - straight line, f/p - orc knight
Aim: an orc knight, wielding a great mace of holy wrath and wearing a plate armour (severely wounded)
You shoot a bolt.
The bolt hits the orc knight but does no damage.
The orc knight is severely wounded.
The orc knight hits you with a great mace of holy wrath!!
* * * LOW HITPOINT WARNING * * *
Unknown command.
Firing (i - inventory. (,) - cycle):
d - 37 bolts (quivered)
Press: ? - help, Shift-Dir - straight line, f/p - orc knight
Aim: an orc knight, wielding a great mace of holy wrath and wearing a plate armour (severely wounded)
You shoot a bolt. The bolt hits the orc knight.
The orc knight is severely wounded.
The orc knight hits you with a great mace of holy wrath!!
You die...

.........###.......# #.......#..
...................# #####......
####.#.#####.......# #..#... #
#................# #...... #
####.#...........# #.!....
###....#...........# #####...#
##..........#############<..#....
##..####...............####......
##..# #........@o....[(#......##
..[.####...............>#.#....##
...................[..(##........
.......#.............(.####....##
.......#........#)###### #....##
.......#........[....######....##
.......#.............#..........#
########.........<...#..........#
#.............#..........#


You could see an orc knight.

Vanquished Creatures
  A two-headed ogre (D:12)
  An orc high priest (Orc:1)
  4 skeletal warriors
  An unseen horror (D:10)
  Pikel (D:8)
  3 ugly things
  A cyclops (D:12)
  An elephant (D:8)
  Maurice (D:9)
  Psyche (D:10)
  A centaur zombie (D:12)
  3 trolls
  Grinder (D:3)
  A hippogriff (D:12)
  7 yaks
  A hungry ghost (D:10)
  A human (D:10)
  A basilisk (D:8)
  2 vampire mosquitoes (D:12)
  A warg (D:12)
  A water moccasin (D:10)
  A black bear (D:6)
  Duvessa (D:3)
  3 ice beasts
  7 orc warriors
  4 slaves (D:7)
  A sky beast (D:8)
  A hornet zombie (D:7)
  9 ogres
  A phantom (D:12)
  6 centaurs
  A crocodile (D:8)
  4 big kobolds
  2 bullfrogs
  9 gnoll sergeants
  A wyvern zombie (D:9)
  Dowan (D:3)
  4 scorpions
  19 killer bees
  5 howler monkeys
  3 crimson imps
  A bullfrog zombie (D:7)
  2 quasits
  7 hounds
  7 orc priests
  8 jellies
  3 bullfrog skeletons
  6 gnoll shamans (Bailey)
  18 orc wizards
  5 centaur skeletons
  6 iguanas
  12 worker ants
  A hound zombie (D:9)
  A hound skeleton (D:7)
  20 gnolls
  7 adders
  A worker ant zombie (D:10)
  5 shadow imps
  2 oozes
  An adder skeleton (D:5)
  2 adder zombies
  A worm (D:3)
  2 dart slugs
  5 leopard geckos
  49 orcs
  5 bats
  2 giant cockroaches
  5 hobgoblins
  A quokka (D:3)
  3 frilled lizards
  10 goblins
  A jackal skeleton (D:8)
  25 kobolds
  6 rats
348 creatures vanquished.

Vanquished Creatures (collateral kills)
  A hydra (D:11)
  A skeletal warrior (D:12)
  A gargoyle (D:11)
  An orc warrior (Orc:2)
4 creatures vanquished.

Vanquished Creatures (others)
  A centaur (D:12)
  A gnoll (D:10)
2 creatures vanquished.

Grand Total: 354 creatures vanquished

Notes
Turn   | Place    | Note
-------+----------+-------------------------------------------
     0 | D:1      | mopl the Minotaur Hunter began the quest for the Orb.
     0 | D:1      | Reached XP level 1. HP: 18/18 MP: 0/0
   167 | D:1      | Reached XP level 2. HP: 25/25 MP: 1/1
   169 | D:1      | Reached skill level 3 in Fighting
  1163 | D:3      | Noticed Grinder
  1202 | D:3      | Paralysed by Grinder for 2 turns
  1204 | D:3      | Killed Grinder
  1204 | D:3      | Reached skill level 5 in Fighting
  1204 | D:3      | Reached skill level 6 in Crossbows
  1204 | D:3      | Reached XP level 3. HP: 3/36 MP: 2/2
  1204 | D:3      | Reached XP level 4. HP: 4/42 MP: 3/3
  1204 | D:3      | Reached XP level 5. HP: 5/48 MP: 4/4
  1549 | D:3      | Found a blossoming altar of Fedhas.
  2338 | D:3      | Reached XP level 6. HP: 57/57 MP: 5/5
  2343 | D:3      | Found a bloodstained altar of Trog.
  2355 | D:3      | Became a worshipper of Trog the Wrathful
  2487 | D:4      | Reached skill level 6 in Fighting
  2652 | D:4      | Noticed Dowan
  2659 | D:4      | Noticed Duvessa
  2682 | D:3      | HP: 2/57 [Duvessa/vampiric short sword (4)]
  2688 | D:3      | Killed Duvessa
  2688 | D:3      | Reached skill level 7 in Crossbows
  2690 | D:3      | Killed Dowan
  2690 | D:3      | Reached XP level 7. HP: 7/64 MP: 6/6
  3053 | D:4      | Found a stormy altar of Qazlal.
  3053 | D:4      | Found an opulent altar of Gozag.
  3060 | D:4      | Found a deep blue altar of Sif Muna.
  3060 | D:4      | Found a bloodstained altar of Trog.
  3220 | D:4      | Reached skill level 7 in Fighting
  3469 | D:4      | Found a shattered altar of Ashenzari.
  3878 | D:5      | Entered Level 5 of the Dungeon
  3948 | D:5      | Reached skill level 8 in Crossbows
  4092 | D:5      | Found a staircase to the Ecumenical Temple.
  4237 | D:5      | Reached * piety under Trog
  4237 | D:5      | Reached skill level 8 in Fighting
  4512 | D:5      | Found a basalt altar of Yredelemnul.
  4679 | D:6      | Reached XP level 8. HP: 74/74 MP: 7/7
  5244 | D:6      | Reached skill level 9 in Crossbows
  5265 | D:6      | Reached skill level 9 in Fighting
  5306 | D:6      | Found a shadowy altar of Dithmenos.
  5571 | D:6      | Reached skill level 10 in Fighting
  5629 | D:6      | Reached skill level 10 in Crossbows
  5634 | D:6      | Reached XP level 9. HP: 70/85 MP: 8/8
  6578 | D:7      | Reached ** piety under Trog
  6578 | D:7      | Reached skill level 11 in Fighting
  6762 | D:7      | Reached skill level 11 in Crossbows
  7131 | D:8      | Noticed Pikel
  7324 | D:8      | Killed Pikel
  7324 | D:8      | Reached skill level 12 in Fighting
  7427 | D:8      | Reached XP level 10. HP: 66/97 MP: 9/9
  7489 | D:8      | Noticed a dagger
  7489 | D:8      | Noticed an enchanted dagger
  7500 | D:8      | Found a hide-covered altar of Uskayaw.
  7756 | D:8      | Noticed an elephant
  7766 | D:8      | Reached skill level 12 in Crossbows
  7780 | D:8      | Found a staircase to the Lair.
  7806 | D:8      | Killed an elephant
  7806 | D:8      | Reached *** piety under Trog
  7884 | D:8      | Found a radiant altar of Vehumet.
  7887 | D:8      | Found a burning altar of Makhleb.
  8340 | D:9      | Reached skill level 13 in Fighting
  8346 | D:9      | Got a pair of fine boots
  8352 | D:9      | Identified the +1 pair of boots of Minor Irritation {rPois Str+3 Dex+4} (You found it on level 9 of the Dungeon)
  8398 | D:9      | Found a white marble altar of Elyvilon.
  8663 | D:9      | Reached **** piety under Trog
  8748 | D:9      | Noticed Maurice
  8780 | D:9      | Killed Maurice
  9083 | D:9      | Found a deep blue altar of Sif Muna.
  9362 | D:10     | Entered Level 10 of the Dungeon
  9390 | D:10     | Reached skill level 13 in Crossbows
  9394 | D:10     | Received a gift from Trog
  9453 | D:10     | Noticed Psyche
  9488 | D:10     | Killed Psyche
  9540 | D:10     | Reached skill level 14 in Fighting
  9540 | D:10     | Reached XP level 11. HP: 55/110 MP: 10/10
  9572 | D:10     | Killed an unseen horror
  9675 | D:10     | Found a flagged portal.
  9680 | Bailey   | Entered a bailey
 10368 | Bailey   | Reached ***** piety under Trog
 11106 | Bailey   | Identified a +1 pair of boots of running (You found it in a bailey)
 11948 | D:11     | Noticed a seven-headed hydra
 11959 | D:11     | Killed a seven-headed hydra
 11959 | D:11     | Reached skill level 14 in Crossbows
 12181 | D:11     | Noticed a red ugly thing
 12194 | D:11     | Killed a red ugly thing
 12268 | D:12     | Noticed a red ugly thing
 12283 | D:12     | Killed a red ugly thing
 12283 | D:12     | Reached skill level 15 in Fighting
 12374 | D:12     | Reached skill level 1 in Armour
 12429 | D:12     | Noticed a two-headed ogre
 12434 | D:12     | Killed a two-headed ogre
 12461 | D:12     | Reached skill level 2 in Armour
 13007 | Lair:1   | Entered Level 1 of the Lair of Beasts
 13236 | D:12     | Received a gift from Trog
 13242 | D:12     | Noticed a skeletal warrior
 13242 | D:12     | Noticed a skeletal warrior
 13287 | D:12     | Killed a skeletal warrior
 13287 | D:12     | Reached skill level 3 in Armour
 13303 | D:12     | Killed a skeletal warrior
 13303 | D:12     | Reached XP level 12. HP: 22/122 MP: 11/11
 13654 | D:12     | Reached skill level 15 in Crossbows
 13943 | D:12     | Reached skill level 4 in Armour
 14032 | D:12     | Reached skill level 16 in Fighting
 14097 | D:12     | Found a staircase to the Orcish Mines.
 14114 | D:12     | Upgraded the game from 0.20-a0-350-ga83eecc to 0.20-a0-351-gc9b4002
 14273 | Orc:1    | Entered Level 1 of the Orcish Mines
 14504 | Orc:1    | Noticed an orc high priest
 14723 | Orc:1    | Killed an orc high priest
 14878 | Orc:2    | Entered Level 2 of the Orcish Mines
 14878 | Orc:2    | Found a staircase to the Elven Halls.
 14921 | D:12     | Mangled by an orc knight

Vault maps used:
D:1:      mrwooster_arrival_statue
D:3:      lemuel_doored_altar, trog_book, uniq_grinder
D:4:      grunt_temple_overflow_open, evilmike_ruin_ashenzari,
          kennysheep_generic_room_13, uniq_duvessa
D:5:      kennysheep_mini_moat, first_bread, grunt_ministairs_7
D:6:      grunt_dithmenos_smoke
D:8:      grunt_temple_overflow_lords_of_destruction, dancing_weapons_uskayaw,
          david_lair_generic, uniq_pikel
D:9:      overflow_temple_1_default, led_sif_book, uniq_maurice
D:10:     enter_bailey_3, grunt_pizzeria, uniq_psyche
D:12:     orc_0_dummy
Lair:1:   infiniplex_staircase_pool_2
Orc:2:    st_orc_open
Bailey:   bailey_polearm_gnolls_kennysheep, bailey

Skill      XL: |  1  2  3  4  5  6  7  8  9 10 11 12 |
---------------+-------------------------------------+-----
Fighting       | 5 6 8 10 12 14 15 16 | 16.1
Crossbows      | 6 7 8 10 11 13 14 15 | 15.4
Armour         | 3 4 |  4.7
Dodging        | |  2.1
Stealth        | |  0.7

Action                   |  1- 3 |  4- 6 |  7- 9 | 10-12 || total
-------------------------+-------+-------+-------+-------++-------
Melee: Hunting sling     |       |       |       |     1 ||     1
 Fire: Hand crossbow     |    50 |    21 |   138 |   450 ||   659
       Hunting sling     |    32 |   107 |   457 |   251 ||   847
       Shortbow          |       |       |       |   402 ||   402
Invok: Burn Spellbooks   |       |       |     2 |     2 ||     4
       Trog's Hand       |       |       |       |     2 ||     2
       Brothers in Arms  |       |       |       |     4 ||     4
Evoke: Wand              |       |       |       |    10 ||    10
  Use: Potion            |       |     4 |       |     3 ||     7
       Scroll            |       |       |     9 |     5 ||    14
  Eat: Chunk             |       |     5 |    13 |    17 ||    35
       Pizza             |       |       |     1 |     1 ||     2
       Fruit             |       |       |       |     1 ||     1
       Beef jerky        |       |       |       |     1 ||     1
       Bread ration      |       |       |       |     1 ||     1
Armor: Leather armour    |     2 |       |       |       ||     2
       Plate armour      |    18 |    35 |   317 |   289 ||   659
       Skin              |       |     3 |       |       ||     3
       Crystal plate arm |       |       |       |   303 ||   303
Dodge: Dodged            |    13 |    18 |    75 |   166 ||   272
Block: Other             |       |       |    58 |   230 ||   288
       Reflection        |       |       |     4 |    15 ||    19
